 Dungeon Crawl Stone Soup version 0.29.1-15-g9cfb28693d (webtiles) character file.

Game seed: 5612879647606087759

8351 MacCMillion the Skirmisher (level 10, -2/84 HPs)
             Began as a Demigod Hunter on Apr 4, 2023.
             Slain by a catoblepas (14 damage)
             ... on level 1 of the Lair of Beasts.
             The game lasted 00:27:37 (17340 turns).

MacCMillion the Skirmisher (Demigod Hunter)        Turns: 17340, Time: 00:27:38

Health: -2/84      AC:  9    Str: 12    XL:     10   Next: 82%
Magic:  13/13      EV: 18    Int: 11    God:
Gold:   516        SH:  0    Dex: 29    Spells: 9/9 levels left

rFire   . . .      SeeInvis .   k - +3 shortbow (flame)
rCold   . . .      Faith    .   (shield currently unavailable)
rNeg    . . .      Spirit   .   C - +0 steam dragon scales
rPois   .          Reflect  .   v - +1 helmet
rElec   .          Harm     .   i - scarf {+Inv}
rCorr   .          Rampage  .   w - +0 pair of gloves
Will    ++...                   I - +0 pair of boots
Stlth   +++.......              (no amulet)
HPRegen 0.24/turn               O - ring of willpower
MPRegen 0.13/turn               (no ring)

@: no status effects
A: high MP 1, forlorn, divine attributes
a: Evoke Invisibility


You were on level 1 of the Lair of Beasts.
You visited 2 branches of the dungeon, and saw 11 of its levels.

You collected 572 gold pieces.
You spent 56 gold pieces at shops.

Inventory:

Hand Weapons
 k - a +3 shortbow of flaming (weapon)
 M - a +0 arbalest
 N - a +0 hand crossbow
Missiles
 G - 3 throwing nets
Armour
 g - the +0 pair of gloves "Qodielo" {+Blink rF- rN++ Stlth+}
   (You found it on level 6 of the Dungeon)

   rF:        It makes you vulnerable to fire.
   rN:        It greatly protects you from negative energy.
   +Blink:    It lets you blink.
   Stlth:     It makes you more stealthy.
 i - a scarf of invisibility (worn)
 r - a +0 leather armour of fire resistance
 v - a +1 helmet (worn)
 w - a +0 pair of gloves (worn)
 C - +0 steam dragon scales (worn)
 E - a +3 ring mail of cold resistance
 I - a +0 pair of boots (worn)
Jewellery
 c - a ring of ice
 O - a ring of willpower (left hand)
Wands
 B - a wand of acid (9)
 D - a wand of flame (36)
 F - a wand of roots (23)
 P - a wand of mindburst (5)
Scrolls
 a - a scroll of silence {unknown}
 b - 2 scrolls of immolation
 f - 3 scrolls of enchant weapon
 n - a scroll of torment
 q - 2 scrolls of noise
 s - 5 scrolls of fear {unknown}
 x - 2 scrolls of poison
 y - a scroll of magic mapping
 z - 2 scrolls of fog
 H - 2 scrolls of teleportation
 L - a scroll of brand weapon {unknown}
 Q - a scroll of amnesia {unknown}
 S - 2 scrolls of identify
 U - 2 scrolls of blinking {unknown}
 V - a scroll of enchant armour {unknown}
 W - a scroll of vulnerability {unknown}
Potions
 d - 2 potions of heal wounds
 e - 6 potions of curing
 h - a potion of cancellation {unknown}
 j - 2 potions of invisibility {unknown}
 l - 2 potions of brilliance {unknown}
 m - 2 potions of might
 o - 3 potions of lignification {unknown}
 p - 3 potions of resistance {unknown}
 t - a potion of flight {unknown}
 u - a potion of mutation {unknown}
 A - a potion of berserk rage {unknown}
 J - a potion of attraction {unknown}
 K - 3 potions of degeneration {unknown}
 R - a potion of haste {unknown}
 T - a potion of ambrosia {unknown}


   Skills:
 - Level 6.5 Fighting
 * Level 12.9 Ranged Weapons
 - Level 1.4 Armour
 - Level 6.5 Dodging
 - Level 2.0 Stealth
 + Level 2.5 Evocations


You had 9 spell levels left.
You didn't know any spells.
Your spell library contained the following spells:

 Spells                   Type           Power      Damage    Failure   Level
 Slow                     Hex            0%         N/A       34%         1
 Ensorcelled Hibernation  Hex/Ice        0%         N/A       47%         2
 Poisonous Vapours        Pois/Air       0%         N/A       47%         2
 Call Canine Familiar     Summ           0%         N/A       71%         3
 Confusing Touch          Hex            0%         N/A       71%         3
 Ignite Poison            Fire/Tmut/Pois 0%         N/A       71%         3
 Inner Flame              Hex/Fire       0%         N/A       71%         3
 Mephitic Cloud           Conj/Pois/Air  0%         N/A       71%         3
 Portal Projectile        Hex/Tloc       0%         N/A       71%         3
 Spider Form              Tmut/Pois      0%         N/A       71%         3
 Tukima's Dance           Hex            0%         N/A       71%         3
 Vampiric Draining        Necr           0%         2d6       71%         3
 Anguish                  Hex/Necr       0%         N/A       98%         4
 Cause Fear               Hex            0%         N/A       98%         4
 Corpse Rot               Necr/Pois/Air  0%         N/A       98%         4
 Fulminant Prism          Conj/Hex       0%         3d6       98%         4
 Iskenderun's Mystic Bla  Conj/Tloc      0%         2d3       98%         4
 Leda's Liquefaction      Hex/Erth       0%         N/A       98%         4
 Blade Hands              Tmut           0%         N/A       100%        5
 Freezing Cloud           Conj/Ice/Air   0%         6-21      100%        5
 Lee's Rapid Deconstruct  Erth           0%         3d5*      100%        5
 Simulacrum               Ice/Necr       0%         N/A       100%        6
 Borgnjor's Revivificati  Necr           0%         N/A       100%        8
 Discord                  Hex            0%         N/A       100%        8
 Necromutation            Tmut/Necr      0%         N/A       100%        8
 Death's Door             Necr           0%         N/A       100%        9
 Polar Vortex             Ice            0%         N/A       100%        9


Dungeon Overview and Level Annotations

Branches:
Dungeon (10/15)            Temple (0/1) D:5            Lair (1/5) D:8
    Orc: D:9-12

Shops:
D:5 (   D:8 (   D:10 *:

Annotations:
D:2 Sigmund
D:3 Ijyb
D:4 4 runed translucent doors, Crazy Yiuf; alexxx's ghost, amateur FeSu; vvl's ghost, amateur DsEE
D:5 exclusion: wyvern
D:10 exclusions: deep elf pyromancer and ice statue


Innate Abilities, Weirdness & Mutations

You have an increased reservoir of magic. (+10% MP)
You shall have no god before yourself.
Your divine heritage dramatically boosts your attributes as you level up.


Message History

The wolf is engulfed in calcifying dust.
The wolf stops moving altogether!
The wolf is engulfed in calcifying dust.
Your limbs are stiffening.
You see here a wolf corpse.
The wolf is engulfed in calcifying dust. x3
You have turned to stone.
The wolf is engulfed in calcifying dust. x2
The black bear bites you but does no damage.
The black bear claws you but does no damage. x2
The wolf is engulfed in calcifying dust.
The black bear bites you but does no damage.
The black bear claws you.
The black bear claws you but does no damage.
The catoblepas barely misses you. The black bear bites you.
The black bear completely misses you. The black bear claws you.
The catoblepas breathes a plume of calcifying dust at you.
The blast of calcifying dust hits you but does no damage.
The black bear bites you.
The black bear claws you but does no damage. x2
You are engulfed in calcifying dust.
The catoblepas gores you!
The black bear bites you but does no damage.
The black bear claws you.
The black bear claws you but does no damage.
You are engulfed in calcifying dust.
The catoblepas gores you. The black bear bites you. The black bear claws you.
The black bear claws you but does no damage.
You are engulfed in calcifying dust.
The catoblepas gores you!!
* * * LOW HITPOINT WARNING * * *
The black bear bites you but does no damage.
The black bear claws you but does no damage. x2
You are engulfed in calcifying dust.
The catoblepas gores you!!
* * * LOW HITPOINT WARNING * * *
The black bear bites you but does no damage.
The black bear claws you but does no damage. x2
You turn to flesh and can move again.
Unknown command.
The catoblepas attacks as you move away!
The catoblepas gores you!
You die...

##. ##.#.. ... ##
.#.... .... #. #......
.....#.### #####....#..
....#.#.###P#.#..#....
.....................
####.#Y..†÷..†.........
........÷.÷..hYh....#+.
......########@§....#
....# #......# ...
#......# #.....#
#......#.. #.....#
#.....§.## #.....#
##......... #.....##
#..#.#####. #......#
##.### #.....# #.#


You could see a catoblepas, a black bear and a wolf (petrified).

Vanquished Creatures
  Joseph (D:7)
  4 cane toads (Lair:1)
  2 komodo dragons (Lair:1)
  A merfolk (D:9)
  Prince Ribbit (D:8)
  A hornet (D:8)
  A shadow (D:10)
  A wraith (D:9)
  2 steam dragons
  4 water moccasins
  An ice beast (D:7)
  An orc warrior (D:9)
  A black bear (D:6)
  A sky beast (D:7)
  An ogre (D:5)
  4 wolves (Lair:1)
  3 phantoms
  6 centaurs
  4 kobold brigands
  A necrophage (D:7)
  6 bullfrogs
  A scorpion (D:6)
  7 wights
  28 killer bees
  3 howler monkeys (D:7)
  8 orc priests
  4 hounds
  Jessica (D:2)
  2 iguanas
  7 orc wizards
  4 gnolls
  6 adders
  3 white imps
  3 worms
  4 dart slugs
  21 orcs
  7 bats
  5 endoplasms
  5 giant cockroaches
  9 goblins
  5 hobgoblins
  24 kobolds
  3 quokkas
  3 training dummies (D:8)
  5 ball pythons
  3 frilled lizards
  6 rats
224 creatures vanquished.

Vanquished Creatures (others)
  An orc wizard (D:4)
  7 fungi
  7 plants
  6 withered plants (D:4)
21 creatures vanquished.

Grand Total: 245 creatures vanquished

Notes
Turn   | Place    | Note
-------+----------+-------------------------------------------
     0 | D:1      | MacCMillion the Demigod Hunter began the quest for the Orb.
     0 | D:1      | Reached XP level 1. HP: 17/17 MP: 3/3
     4 | D:1      | Reached skill level 1 in Stealth
   206 | D:1      | Reached XP level 2. HP: 19/24 MP: 4/4
   439 | D:1      | Reached skill level 4 in Ranged Weapons
  1246 | D:2      | Noticed Sigmund
  1273 | D:2      | Reached XP level 3. HP: 27/29 MP: 5/5
  1622 | D:2      | Noticed Jessica
  1624 | D:2      | Killed Jessica
  1625 | D:2      | Reached XP level 4. HP: 36/36 MP: 6/6
  1680 | D:2      | Reached skill level 5 in Ranged Weapons
  2911 | D:3      | Noticed Ijyb
  3547 | D:4      | Found a runed translucent door.
  3548 | D:4      | Noticed Crazy Yiuf
  3671 | D:4      | Reached XP level 5. HP: 23/41 MP: 7/7
  4067 | D:4      | Reached skill level 6 in Ranged Weapons
  4116 | D:5      | Entered Level 5 of the Dungeon
  4649 | D:4      | Reached XP level 6. HP: 25/48 MP: 8/8
  4896 | D:4      | Found a runed translucent gate.
  4896 | D:4      | Found a runed translucent gate.
  4896 | D:4      | Found a runed translucent gate.
  4899 | D:4      | Noticed vvl's ghost (amateur DsEE)
  4899 | D:4      | Noticed alexxx's ghost (amateur FeSu)
  5154 | D:5      | Noticed a wyvern
  5343 | D:5      | Reached skill level 7 in Ranged Weapons
  5587 | D:5      | Found Zusew's Antique Weapon Shop.
  6171 | D:5      | Reached XP level 7. HP: 53/53 MP: 9/9
  6196 | D:4      | Reached skill level 8 in Ranged Weapons
  6644 | D:5      | Found a staircase to the Ecumenical Temple.
  8214 | D:6      | Reached skill level 9 in Ranged Weapons
  8283 | D:6      | Identified the +0 pair of gloves "Qodielo" {+Blink rF- rN++
                  | Stlth+}
  8979 | D:7      | Noticed a steam dragon
  8989 | D:7      | Killed a steam dragon
  8990 | D:7      | Reached XP level 8. HP: 54/60 MP: 10/10
  9089 | D:7      | Reached skill level 10 in Ranged Weapons
 10402 | D:7      | Noticed Joseph
 10410 | D:7      | Killed Joseph
 10718 | D:7      | Reached XP level 9. HP: 47/71 MP: 11/11
 11985 | D:8      | Found a staircase to the Lair.
 12003 | Lair:1   | Entered Level 1 of the Lair of Beasts
 12385 | D:8      | Paralysed by a hornet for 3 turns
 12391 | D:8      | Reached skill level 5 in Fighting
 12391 | D:8      | Reached skill level 11 in Ranged Weapons
 12391 | D:8      | Reached skill level 5 in Dodging
 13363 | D:8      | Found Zotoamm's Firing Range.
 13368 | D:8      | Bought a +0 hand crossbow for 56 gold pieces
 13486 | D:8      | Noticed Prince Ribbit
 13492 | D:8      | Killed Prince Ribbit
 13579 | D:8      | Identified the +1 robe of Lugonu's Wrath {rN+++ Str+10
                  | Int-4 Stlth-}
 14832 | D:9      | Reached XP level 10. HP: 83/83 MP: 13/13
 15484 | D:10     | Entered Level 10 of the Dungeon
 15555 | D:10     | Reached skill level 12 in Ranged Weapons
 15904 | D:10     | Noticed a deep elf pyromancer
 15935 | D:10     | Identified the +6 quarterstaff of Shame {pain, rPois
                  | Stlth+}
 15947 | D:10     | Identified the +8 war axe "Boclity" {speed, rF+ rCorr Int-4
                  | Dex+7}
 16208 | D:10     | Found Heusm's Tremendous Tomes.
 16257 | D:10     | Noticed an ice statue
 16292 | D:10     | Found Kacob's Demolitions Depot.
 17018 | Lair:1   | Reached skill level 1 in Armour
 17111 | Lair:1   | Reached skill level 1 in Evocations
 17323 | Lair:1   | Noticed a catoblepas
 17340 | Lair:1   | Slain by a catoblepas

Illustrated notes

Levels and vault maps discovered:
D:1:      dpeg_arrival_pits, layout_basic
D:2:      layout_basic, hellmonk_ecumenical_altar_heavens_door, uniq_jessica,
          uniq_sigmund
D:3:      layout_loops_corners, minitemple, mainiacjoe_overflow_large_starburst,
          uniq_ijyb
D:4:      layout_loops_ring, mainiacjoe_overflow_alcove_2,
          gammafunk_ghost_cemetery, hangedman_decor_riveting,
          minmay_ruined_shrine, uniq_crazy_yiuf_cottage
D:5:      layout_loops_ring, minmay_temple_entry_statues_pillars,
          nicolae_take_the_stairs
D:6:      layout_gridville, mainiacjoe_overflow_paths
D:7:      layout_gridville, minivault_24, uniq_joseph
D:8:      layout_loops_corners, cheibriados_altar_1, dpeg_oklobed_lair,
          hangedman_decor_diamond_cutter, nicolae_shop_firing_range,
          uniq_prince_ribbit1
D:9:      layout_roguey, hangedman_fish_farm
D:10:     lemuel_ice_statue, layout_loops_ring, nicolae_shop_i_like_big_books,
          nicolae_blasting_shop, minmay_librarian
Lair:1:   layout_chaotic_city, st_stairs_3, grunt_megastairs_1,
          infiniplex_staircase_pool_2

Skill      XL: |  1  2  3  4  5  6  7  8  9 10 |
---------------+-------------------------------+-----
Stealth        | 1 2 |  2.0
Ranged Weapons | 4 5 6 7 9 10 11 12 | 12.9
Fighting       | 3 5 6 |  6.5
Dodging        | 3 5 6 |  6.5
Armour         | 1 |  1.4
Evocations     | 2 |  2.5

Action                   |  1- 3 |  4- 6 |  7- 9 | 10-12 || total
-------------------------+-------+-------+-------+-------++-------
Melee: Shortbow          |       |     3 |     1 |     1 ||     5
 Fire: Shortbow          |    82 |   184 |   379 |   148 ||   793
  Use: Scroll            |       |       |    12 |     1 ||    13
       Potion            |       |       |     8 |       ||     8
Armor: Leather armour    |    11 |    24 |    32 |       ||    67
       Steam dragon scal |       |       |    48 |    33 ||    81
Dodge: Dodged            |    20 |    61 |   202 |    60 ||   343
